Map: Undercurrent LE

Players

HibsmyHubs

  • Race: Terran Terran
  • Spawn Location: 3:00

Frostpfeife

  • Race: Zerg Zerg
  • Spawn Location: 1:00

Ekelpack - Winner!

  • Race: Zerg Zerg
  • Spawn Location: 7:00

Nyck - Winner!

  • Race: Terran Terran
  • Spawn Location: 7:00

VOD

Have the link to the VOD?

Description

Time

  • Played on: Feb. 4, 2025, 2:28 p.m.
  • Length: 13:05
Show
View Real Time Build Order
Export as new Build Order

HibsmyHubs Terran 

Build Orders:  

Get SALT Encoding   

  12  0:00  SCV  
  13  0:12  SCV  
  14  0:17  Supply Depot  
  14  0:24  SCV  
  15  0:39  SCV  
  15  0:42  Barracks  
  16  0:46  Refinery  
  16  0:51  SCV  
  17  1:03  SCV  
  18  1:15  SCV  
  19  1:29  Orbital Command, Marine  
  20  1:41  Command Center  
  20  1:47  Barracks Reactor  
  20  1:50  Supply Depot  
  20  1:55  SCV  
  21  2:08  Factory  
  21  2:11  SCV  
  22  2:16  Refinery  
  22  2:23  Marine x2, SCV  
  25  2:35  SCV  
  26  2:47  Marine x2  
  26  2:50  SCV  
  29  2:52  Factory Tech Lab  
  29  2:54  Starport  
  29  2:56  Orbital Command  
  29  3:02  SCV  
  30  3:10  Supply Depot  
  30  3:11  Siege Tank  
  33  3:14  Marine  
  33  3:15  Marine  
  35  3:22  SCV  
  33  3:37  Medivac  
  33  3:39  SCV x2  
  37  3:44  Engineering Bay  
  37  3:52  SCV x2  
  39  4:03  Siege Tank  
  39  4:04  SCV  
  39  4:05  SCV  
  44  4:18  Missile Turret  
  44  4:19  Missile Turret  
  44  4:23  Missile Turret, Medivac  
  44  4:24  SCV  
  47  4:26  Refinery  
  47  4:28  SCV  
  47  4:30  Marine  
  49  4:32  Marine  
  50  4:39  Supply Depot  
  50  4:40  SCV  
  50  4:44  SCV  
  53  4:52  SCV  
  53  4:56  Supply Depot, SCV  
  54  5:01  Siege Tank  
  54  5:05  SCV  
  58  5:14  Barracks  
  58  5:17  Barracks  
  58  5:25  Marine x2  
  58  5:27  Medivac  
  62  5:37  Command Center  
  62  5:46  Missile Turret  
  62  5:48  Missile Turret  
  62  5:55  Missile Turret, Marine x2  
  62  5:56  Widow Mine  
  67  5:57  SCV  
  67  5:59  Missile Turret, Terran Infantry Weapons Level 1  
  67  6:12  Marine  
  67  6:20  Command Center  
  67  6:24  Barracks Reactor, Barracks Tech Lab  
  67  6:32  SCV  
  68  6:40  SCV  
  68  6:42  Marine  
  68  6:43  Refinery  
  68  6:45  Stimpack  
  70  6:48  Marine x2  
  70  6:49  SCV  
  70  6:50  Starport Reactor  
  70  6:51  Supply Depot  
  70  6:53  Supply Depot  
  70  6:54  Supply Depot  
  73  6:56  Engineering Bay  
  73  6:58  Armory  
  73  7:05  SCV x2  
  73  7:07  Marauder  
  77  7:14  Marine x3  
  80  7:15  Marine  
  80  7:16  Supply Depot  
  80  7:17  SCV x2  
  83  7:24  Terran Infantry Armor Level 1  
  83  7:28  Missile Turret  
  83  7:36  Missile Turret  
  75  7:46  Missile Turret  
  75  7:53  Missile Turret, SCV  
  75  7:58  Marine x5  
  81  8:17  Marauder  
  83  8:21  Marine x2  
  83  8:22  Marine x2  
  83  8:23  Thor  
  83  8:24  Combat Shield, Medivac  
  94  8:38  Marine  
  94  8:41  Marine x4  
  99  8:49  Missile Turret  
  99  8:50  Planetary Fortress  
  99  8:56  Marauder  
  99  8:59  Marine x3  
  99  9:00  Terran Vehicle Weapons Level 1  
  99  9:02  Missile Turret  
  104  9:03  Missile Turret  
  104  9:16  Marine, Factory  
  104  9:17  Marauder, Marine  
  105  9:19  SCV  
  105  9:20  SCV  
  110  9:26  Terran Infantry Weapons Level 2  
  110  9:31  Terran Infantry Armor Level 2  
  110  9:36  SCV  
  110  9:37  Refinery  
  102  10:04  Marine x4  
  102  10:05  Marauder  
  106  10:09  Missile Turret  
  106  10:10  Factory Tech Lab  
  106  10:22  Marine x3  
  106  10:26  Marauder  
  111  10:31  Thor  
  111  10:33  SCV  
  118  10:40  Fusion Core  
  118  10:41  SCV x2  
  120  10:45  SCV  
  68  11:14  Marine x3  
  68  11:15  Marauder  
  68  11:18  Siege Tank x2  
  71  11:19  Medivac  
  71  11:20  Medivac  
  75  11:31  Barracks  
  75  11:32  Barracks  
  75  11:42  Marine x5  
  77  11:59  Marine  
  62  12:03  Marine x3  
  62  12:04  Marauder, Siege Tank x2  
  62  12:17  Marine  
  62  12:20  Marine  
  62  12:21  Marine  
  65  12:23  Marine x2  
  65  12:25  Marauder  
  65  12:32  SCV  
  60  12:38  Marine x2  
Show
View Real Time Build Order
Export as new Build Order

Frostpfeife Zerg 

Build Orders: Hatch First 

Get SALT Encoding   

  12  0:00  Drone  
  13  0:14  Drone  
  14  0:33  Hatchery  
  13  0:38  Drone  
  14  0:55  Spawning Pool  
  14  0:56  Extractor  
  12  0:57  Drone  
  13  1:07  Drone  
  13  1:10  Drone, Extractor  
  14  1:15  Overlord  
  15  1:34  Drone x2  
  17  1:41  Queen  
  17  1:44  Drone  
  20  1:48  Drone  
  20  1:52  Drone  
  22  1:56  Drone  
  23  2:08  Queen  
  25  2:11  Drone  
  25  2:15  Drone  
  27  2:20  Metabolic Boost  
  27  2:24  Zergling x2  
  28  2:30  Overlord  
  28  2:40  Lair  
  28  2:53  Drone  
  28  2:54  Extractor  
  28  2:59  Zergling x2  
  28  3:02  Zergling x2  
  30  3:07  Hatchery  
  29  3:16  Drone x2  
  29  3:18  Evolution Chamber  
  30  3:22  Drone x3  
  30  3:48  Zergling x10  
  32  3:49  Zergling x2  
  32  3:52  Overlord  
  32  3:55  Overlord  
  36  4:00  Overlord  
  36  4:03  Overlord  
  36  4:09  Overlord  
  36  4:14  Zerg Melee Weapons Level 1  
  36  4:19  Baneling Nest  
  36  4:21  Evolution Chamber  
  34  4:26  Drone x2  
  34  4:30  Drone x2  
  38  4:46  Drone x3  
  38  4:47  Drone x3  
  43  5:02  Zergling x6  
  43  5:03  Zergling x6  
  49  5:08  Drone x2  
  49  5:09  Drone  
  49  5:11  Drone  
  53  5:21  Centrifugal Hooks  
  53  5:22  Zerg Ground Armor Level 1  
  53  5:28  Drone x2, Extractor  
  54  5:29  Extractor  
  54  5:30  Drone  
  54  5:31  Drone x2  
  54  5:35  Baneling x4  
  56  5:36  Baneling  
  56  5:37  Baneling x2  
  56  5:52  Spore Crawler x2  
  56  5:53  Spore Crawler  
  53  6:00  Spore Crawler  
  53  6:01  Spore Crawler x2  
  53  6:02  Spore Crawler  
  49  6:11  Spore Crawler  
  49  6:12  Drone x4  
  49  6:13  Drone x3  
  52  6:27  Drone x2  
  52  6:28  Drone x3  
  52  6:29  Drone  
  58  6:36  Spire  
  58  6:37  Drone  
  58  6:51  Overlord x3  
  58  6:52  Overlord  
  58  6:59  Zerg Melee Weapons Level 2  
  58  7:09  Infestation Pit  
  58  7:12  Queen  
  58  7:14  Drone x4  
  58  7:15  Drone  
  64  7:20  Zergling x6  
  64  7:21  Zergling x2  
  68  7:29  Zerg Ground Armor Level 2  
  68  7:31  Drone x2  
  70  7:38  Drone x4  
  70  7:41  Baneling x3  
  70  7:42  Baneling  
  74  7:46  Overlord  
  74  7:55  Drone, Spore Crawler  
  74  7:56  Overlord  
  74  7:57  Overlord  
  74  8:05  Spore Crawler  
  73  8:06  Drone x4, Spore Crawler  
  74  8:14  Spore Crawler  
  74  8:16  Drone x5  
  74  8:18  Spore Crawler  
  76  8:21  Corruptor  
  76  8:24  Corruptor  
  80  8:30  Queen  
  80  8:43  Zergling x6  
  80  8:44  Zergling x14  
  80  8:46  Extractor  
  80  8:48  Zerg Flyer Weapons Level 1, Extractor  
  88  8:55  Hive  
  88  8:58  Corruptor  
  90  9:03  Corruptor  
  90  9:04  Corruptor  
  94  9:14  Corruptor x2  
  98  9:22  Overlord x3  
  98  9:23  Overlord  
  98  9:42  Drone x3  
  98  9:43  Drone x3  
  98  9:44  Drone  
  105  9:46  Hatchery  
  105  9:49  Extractor  
  105  9:50  Corruptor  
  105  9:51  Corruptor x2  
  109  10:07  Adrenal Glands  
  109  10:09  Zerg Melee Weapons Level 3  
  109  10:10  Zerg Ground Armor Level 3  
  109  10:11  Extractor  
  108  10:16  Drone x5  
  108  10:17  Drone x2  
  115  10:38  Zergling x2  
  115  10:39  Zergling x14  
  115  10:40  Zergling x14  
  130  10:42  Zerg Flyer Armor Level 1  
  102  11:14  Zergling x6  
  102  11:15  Zergling x16  
  102  11:16  Zergling x2  
  105  11:24  Ultralisk Cavern  
  104  11:31  Zergling x2  
  104  11:32  Zergling x14  
  111  11:33  Zergling x8  
  111  11:35  Baneling x3  
  103  11:41  Baneling x3  
  68  12:06  Zergling x4  
  68  12:07  Zergling x14  
  68  12:08  Zergling x10  
  54  12:16  Zergling x2  
  54  12:29  Baneling x2  
  48  12:30  Baneling x7  
  48  12:31  Baneling x8  
Show
View Real Time Build Order
Export as new Build Order

Ekelpack Zerg - Winner!

Build Orders: Hatch First 

Get SALT Encoding   

  12  0:00  Drone  
  13  0:12  Overlord  
  13  0:17  Drone  
  14  0:30  Drone  
  14  0:31  Drone  
  14  0:34  Drone  
  17  0:45  Drone  
  18  1:00  Drone, Hatchery  
  18  1:02  Extractor  
  17  1:06  Drone  
  18  1:16  Spawning Pool  
  17  1:19  Drone  
  18  1:31  Drone  
  19  1:39  Drone  
  20  1:49  Overlord  
  20  2:03  Queen  
  22  2:10  Drone  
  22  2:11  Queen  
  22  2:13  Drone  
  26  2:17  Metabolic Boost  
  26  2:23  Zergling x2  
  26  2:26  Drone  
  26  2:28  Drone  
  29  2:39  Lair  
  29  2:43  Drone  
  30  2:45  Drone  
  30  2:46  Drone  
  30  2:49  Extractor  
  31  2:54  Drone  
  31  2:56  Drone  
  33  3:03  Drone  
  34  3:06  Drone, Extractor  
  34  3:07  Drone  
  35  3:13  Drone  
  35  3:18  Overlord  
  36  3:43  Spire  
  36  3:45  Drone x4  
  36  3:46  Zergling x2  
  36  3:47  Zergling x2  
  41  3:57  Drone x2, Extractor  
  41  3:58  Drone x2  
  43  4:10  Hatchery  
  43  4:13  Overlord x2  
  44  4:22  Overlord  
  44  4:35  Drone x4  
  46  4:55  Mutalisk x5  
  46  4:56  Mutalisk x3  
  46  4:59  Zerg Flyer Weapons Level 1  
  62  5:12  Pneumatized Carapace  
  62  5:13  Overlord  
  62  5:14  Overlord  
  62  5:29  Overlord  
  62  5:30  Overlord  
  62  5:32  Drone x3  
  62  5:33  Drone x2  
  67  5:39  Infestation Pit  
  67  5:41  Overlord x2  
  66  5:58  Overlord  
  66  5:59  Overlord  
  66  6:23  Mutalisk x5  
  66  6:24  Zergling x4  
  66  6:25  Zergling x6  
  81  6:31  Roach Warren  
  80  6:33  Drone x2  
  80  6:35  Extractor  
  80  6:36  Drone x2  
  83  6:55  Zerg Flyer Weapons Level 2  
  83  6:56  Zergling x4  
  83  6:57  Zergling x12  
  83  6:59  Queen  
  93  7:01  Drone  
  93  7:03  Extractor  
  93  7:14  Roach x5  
  103  7:20  Roach x2  
  107  7:46  Roach x2  
  107  7:47  Roach x5  
  121  7:53  Drone x2  
  121  7:57  Hive  
  123  7:58  Overlord x2  
  123  8:18  Mutalisk x4  
  131  8:22  Overlord x3  
  131  8:43  Roach x7  
  131  8:44  Roach  
  131  8:48  Drone x2  
  149  8:55  Evolution Chamber  
  149  8:57  Evolution Chamber  
  147  9:04  Glial Reconstitution  
  147  9:08  Overlord  
  147  9:09  Overlord x2  
  147  9:18  Drone  
  148  9:31  Zerg Missile Weapons Level 1, Zerg Ground Armor Level 1  
  148  9:36  Hydralisk Den  
  139  10:03  Mutalisk  
  139  10:09  Grooved Spines  
  139  10:13  Hydralisk x4  
  139  10:14  Hydralisk x6, Ultralisk Cavern  
  158  10:22  Tunneling Claws  
  158  10:44  Hydralisk x4  
  158  10:45  Hydralisk x4, Overlord x2  
  158  10:46  Hydralisk x6  
  162  10:59  Muscular Augments  
  162  11:04  Roach x7  
  123  11:05  Roach  
  113  11:52  Roach x5  
  113  11:53  Roach x2  
  113  12:18  Ultralisk x2  
  113  12:19  Ultralisk x2  
  127  12:35  Drone x4  
Show
View Real Time Build Order
Export as new Build Order

Nyck Terran - Winner!

Build Orders:  

Get SALT Encoding   

  12  0:00  SCV  
  13  0:12  SCV  
  14  0:18  Supply Depot  
  14  0:26  SCV  
  15  0:40  SCV  
  15  0:42  Barracks  
  16  0:51  Refinery  
  16  0:53  SCV  
  17  1:05  SCV  
  18  1:18  SCV  
  19  1:32  Barracks  
  19  1:35  Orbital Command  
  19  1:40  Refinery  
  19  1:42  Reaper  
  20  1:48  Supply Depot  
  20  2:01  SCV  
  21  2:13  Supply Depot  
  21  2:15  Reaper, SCV  
  22  2:20  Reaper  
  22  2:22  Barracks  
  24  2:27  SCV  
  25  2:40  Factory  
  25  2:42  SCV  
  26  2:48  Barracks Tech Lab  
  26  2:57  Barracks Reactor  
  26  3:00  SCV  
  27  3:07  Combat Shield  
  27  3:10  Barracks Reactor  
  27  3:12  Command Center  
  27  3:19  SCV  
  28  3:39  SCV  
  28  3:56  SCV  
  28  3:59  Marine x3  
  28  4:00  Marine  
  28  4:01  Marauder  
  35  4:04  Factory Reactor  
  35  4:07  Starport  
  35  4:09  Supply Depot  
  35  4:15  SCV  
  36  4:20  Marine  
  36  4:21  Marine x2  
  36  4:24  Marine  
  39  4:26  Stimpack, Marauder  
  42  4:33  Supply Depot  
  42  4:35  SCV  
  42  4:38  Orbital Command  
  43  5:03  Marine x3  
  43  5:04  Marine x2  
  48  5:11  Medivac  
  50  5:18  Refinery, SCV  
  50  5:19  Refinery  
  50  5:20  Medivac  
  53  5:22  Marine  
  53  5:23  Marine x4  
  58  5:29  SCV  
  58  5:31  SCV  
  60  5:41  SCV  
  61  5:43  SCV  
  61  5:44  Command Center  
  62  5:54  Engineering Bay, SCV  
  62  5:55  SCV  
  64  5:59  Engineering Bay  
  64  6:03  Armory  
  64  6:17  SCV x2  
  65  6:33  SCV x2  
  65  6:36  Marine x3  
  70  6:42  Supply Depot  
  70  6:45  Supply Depot  
  70  6:46  Terran Infantry Weapons Level 1  
  70  6:48  Terran Infantry Armor Level 1, Marauder, Marine, Medivac x2, SCV x2  
  79  6:59  Planetary Fortress  
  79  7:03  SCV x2  
  81  7:15  SCV x2  
  83  7:16  Marauder  
  83  7:17  Marine x2  
  83  7:18  Marine x2  
  83  7:20  Medivac x2  
  93  7:27  SCV x2  
  95  7:30  Supply Depot  
  95  7:31  Supply Depot  
  95  7:35  Concussive Shells  
  95  7:43  Terran Vehicle And Ship Armor Level 1  
  95  7:44  Marine x3  
  95  7:45  Marine  
  95  7:46  Marauder  
  101  7:52  SCV x3  
  101  7:53  Barracks  
  101  7:56  Refinery  
  101  7:58  Refinery  
  104  8:04  SCV x3  
  104  8:05  Marine x4  
  110  8:07  Medivac x2  
  115  8:14  Supply Depot  
  115  8:15  Supply Depot  
  115  8:26  SCV x3  
  118  8:27  Marine x4  
  118  8:28  Marauder  
  124  8:37  Medivac x2  
  128  8:44  Terran Infantry Weapons Level 2  
  128  8:45  Terran Infantry Armor Level 2  
  128  8:53  SCV  
  128  8:54  SCV x2  
  128  8:55  Marine x4  
  132  8:57  Barracks Reactor  
  132  8:58  Command Center  
  132  8:59  Marauder  
  137  9:08  Medivac x2  
  141  9:12  SCV x2  
  141  9:13  SCV  
  144  9:19  Supply Depot  
  144  9:20  Supply Depot  
  144  9:23  Marauder, Marine x3  
  149  9:39  Terran Vehicle And Ship Armor Level 2  
  149  9:40  Marine, SCV x3  
  149  9:41  Supply Depot  
  149  9:42  Marine x4  
  149  9:43  Supply Depot, Marine  
  158  9:46  Medivac x2  
  162  10:00  SCV x2  
  162  10:02  Command Center  
  162  10:03  Marine x4  
  162  10:04  Supply Depot, Marine x2  
  162  10:05  Marauder  
  172  10:10  Planetary Fortress  
  172  10:22  SCV x3  
  172  10:25  Medivac x2  
  172  10:27  Marine x3  
  172  10:28  Marauder, Marine x2  
  186  10:29  Marine  
  186  10:32  Command Center  
  187  10:43  SCV x2  
  187  10:44  Marine  
  187  10:46  SCV  
  187  10:47  SCV  
  192  10:55  SCV x2  
  194  10:58  SCV  
  190  11:16  Marine  
  190  11:17  Marine x2  
  190  11:18  Marine  
  193  11:19  Marauder, Marine x2  
  193  11:22  SCV x2  
  193  11:23  SCV  
  161  12:44  SCV x3  
  161  12:45  Marine x5  
  161  12:46  Marine  
Tags
 
Add a new tag
Caveats
  • Supply blocks, unpowered buildings, or Contaminate may cause inaccurate times.
  • Supply counts are checked every 10 seconds.